 Dungeon Crawl Stone Soup version 0.29-a0-668-g12ee2bf84d (webtiles) character file.

Game seed: 12593224476798506693

160 purpskrrrp the Grave Robber (level 5, 0/36 HPs)
             Began as a Mummy Necromancer on June 23, 2022.
             Slain by Newt's ghost (7 damage)
             ... on level 3 of the Dungeon.
             The game lasted 00:11:52 (2723 turns).

purpskrrrp the Grave Robber (Mummy Necromancer)     Turns: 2723, Time: 00:11:53

Health: 0/36       AC: 16    Str: 11    XL:     5   Next: 17%
Magic:  11/11      EV:  1    Int: 16    God:
Gold:   103        SH:  3    Dex: 13    Spells: 11/12 levels left

rFire   x . .      SeeInvis .   l - +1 dagger (drain)
rCold   + . .      Faith    .   k - +0 buckler
rNeg    + + +      Spirit   .   n - +6 plate armour {ponderous}
rPois   ∞          Reflect  .   (no helmet)
rElec   .          Harm     .   (no cloak)
rCorr   .          Rampage  .   (no gloves)
Will    +....                   (no boots)
Stlth   ..........              (no amulet)
HPRegen 0.12/turn               i - ring of willpower
MPRegen 0.12/turn               (no ring)

@: slow
A: cold resistance 1, negative energy resistance 3, torment resistance 2, heat
vulnerability 1, in touch with death 1, no potions
a: no special abilities


You were on level 3 of the Dungeon.
You visited 1 branch of the dungeon, and saw 3 of its levels.

You collected 103 gold pieces.

Inventory:

Hand Weapons
 b - a +0 whip
 l - a +1 dagger of draining (weapon)
Armour
 a - a +0 robe
 j - a +0 ring mail
 k - a +0 buckler (worn)
 n - a +6 plate armour of ponderousness (worn)
Jewellery
 i - a ring of willpower (left hand)
Scrolls
 c - a scroll of poison
 d - a scroll of enchant weapon
 h - a scroll of vulnerability
Potions
 e - 3 potions of brilliance
 f - 3 potions of curing (quivered) {unknown}
 g - a potion of flight {unknown}
 m - 2 potions of mutation {unknown}


   Skills:
 + Level 0.5 Fighting
 + Level 1.6 Short Blades
 + Level 0.1 Armour
 + Level 1.6 Dodging
 + Level 1.7 Stealth
 + Level 0.1 Unarmed Combat
 + Level 4.3 Spellcasting
 + Level 5.0 Necromancy


You had 11 spell levels left.
You knew the following spells:

 Your Spells              Type           Power      Damage    Failure   Level
a - Necrotize             Necr           100%       1d9       100%        1

Your spell library contained the following spells:

 Spells                   Type           Power      Damage    Failure   Level
 Vampiric Draining        Necr           29%        2d8       100%        3
 Animate Dead             Necr           29%        N/A       100%        4
 Petrify                  Tmut/Erth      3%         N/A       100%        4
 Agony                    Necr           29%        N/A       100%        5
 Irradiate                Conj/Tmut      1%         3d13      100%        5
 Sublimation of Blood     Necr           Unusable   N/A       N/A         2

Dungeon Overview and Level Annotations

Branches:
Dungeon (3/15)

Altars:
Beogh

Annotations:
D:3 Newt's ghost, weakling DsAK


Innate Abilities, Weirdness & Mutations

You are immune to poison.
Your flesh is cold resistant. (rC+)
You are immune to negative energy. (rN+++)
You are immune to unholy pain and torment.
You are vulnerable to heat. (rF-)
You are in touch with the powers of death.
You do not drink.


Message History

You hit the orc but do no damage.
Newt's ghost boasts, "I have defeated monsters you have never seen."
The orc hits you but does no damage.
You closely miss the orc. The orc hits you but does no damage.
You hit the orc but do no damage. You drain the orc.
The orc is heavily wounded.
The orc hits you but does no damage.
You barely miss the orc.
The orc is heavily wounded.
The orc hits you but does no damage.
You hit the orc but do no damage.
The orc is heavily wounded.
The orc hits you with a +0 club.
* * * LOW HITPOINT WARNING * * *
You closely miss the orc.
The orc is heavily wounded.
The orc hits you but does no damage.
You hit the orc but do no damage. You drain the orc.
You kill the orc!
You hit the orc.
The orc is moderately wounded.
The orc hits you but does no damage.
You hit the orc.
The orc is almost dead.
The orc hits you but does no damage.
You hit the orc.
You kill the orc!
You closely miss the orc. The orc hits you with a +0 hand axe.
* * * LOW HITPOINT WARNING * * *
You hit the orc but do no damage. You drain the orc.
The orc is heavily wounded.
The orc hits you but does no damage.
You hit the orc.
You kill the orc!
You can't see any enemies this would affect, really read the scroll of poison?
Okay, then.
You hit Newt's ghost.
Newt's ghost is lightly damaged.
Newt's ghost hits you!
You die...

................#####
#.........#
............#...#
###########
.##.†#.#........##
.##....###....#..###
.###....##.#.......####
.###..#.##.#..........####
..###........##..##......#
..###.......####.###..##.##
..##.........# #@# ##.)...#
.........)..o###W## ###...#
.........)o....#..# #...#
......#...#.oW..#.# #####
..#...............#
.###..............########
.......................).#
.....................###.#
...#####...............#.#


You could see Newt's ghost.

Vanquished Creatures
  Natasha (thrice) (D:3)
  2 adders
  A worm (D:2)
  6 orcs (D:3)
  8 bats
  5 endoplasms
  6 goblins
  3 hobgoblins
  2 jackals (D:2)
  5 kobolds
  2 quokkas
  3 ball pythons
  3 frilled lizards
  4 rats
53 creatures vanquished.

Vanquished Creatures (collateral kills)
  A bat (D:1)
  A giant cockroach (D:1)
  A quokka (D:1)
  A goblin (D:2)
4 creatures vanquished.

Grand Total: 57 creatures vanquished

Notes
Turn   | Place    | Note
-------+----------+-------------------------------------------
     0 | D:1      | purpskrrrp the Mummy Necromancer began the quest for the
                  | Orb.
     0 | D:1      | Reached XP level 1. HP: 13/13 MP: 4/4
   480 | D:1      | Reached XP level 2. HP: 19/19 MP: 1/5
   765 | D:1      | Found a faded altar of an unknown god.
  1350 | D:2      | Gained mutation: You are in touch with the powers of death.
                  | [Mummy growth]
  1350 | D:2      | Reached XP level 3. HP: 14/24 MP: 0/7
  2020 | D:3      | Found a runed translucent gate.
  2020 | D:3      | Noticed Newt's ghost (weakling DsAK)
  2021 | D:3      | Found a runed translucent gate.
  2022 | D:3      | Noticed Natasha
  2035 | D:3      | Killed Natasha
  2036 | D:3      | Reached XP level 4. HP: 28/30 MP: 10/10
  2175 | D:3      | Found a runed translucent gate.
  2311 | D:3      | Reached skill level 5 in Necromancy
  2334 | D:3      | Noticed Natasha
  2340 | D:3      | Killed Natasha
  2341 | D:3      | Reached skill level 1 in Short Blades
  2488 | D:3      | Noticed Natasha
  2520 | D:3      | Killed Natasha
  2521 | D:3      | Reached XP level 5. HP: 31/36 MP: 11/11
  2723 | D:3      | Slain by Newt's ghost

Illustrated notes

Levels and vault maps discovered:
D:1:      nagdon_arrival_double_spiral, layout_rooms, basic_ecumenical_altar
D:2:      layout_rooms
D:3:      layout_rooms, biasface_ghost_orc_armoury, uniq_natasha

Skill      XL: |  1  2  3  4 |
---------------+-------------+-----
Spellcasting   | 3 4 |  4.3
Necromancy     | 5 |  5.0
Short Blades   | 1 |  1.6
Fighting       | |  0.5
Armour         | |  0.1
Dodging        | |  1.6
Stealth        | |  1.7
Unarmed Combat | |  0.1

Action                   |  1- 3 |  4- 6 || total
-------------------------+-------+-------++-------
Melee: Unarmed           |     6 |       ||     6
       Whip              |     8 |       ||     8
       Dagger            |    19 |    88 ||   107
 Cast: Necrotize         |    49 |       ||    49
  Use: Scroll            |     6 |       ||     6
Armor: Robe              |    12 |       ||    12
       Plate armour      |    36 |    69 ||   105
Dodge: Dodged            |    36 |     2 ||    38
Block: Buckler           |     5 |     8 ||    13

Table legend: (Time is in decaauts)
 A = Elapsed time spent in this place.
 B = Non-inter-level travel time spent in this place.
 C = Inter-level travel time spent in this place.
 D = Time resting spent in this place.
 E = Time spent auto-exploring this place.
 F = Levels seen in this place.
 G = Mean time per level.
                   A        B        C        D        E       F      G
               +--------+--------+--------+--------+--------+-----+--------+
         Total |   2764 |   2457 |    307 |    330 |   1610 |   3 |  921.3 |
       Dungeon |   2764 |   2457 |    307 |    330 |   1610 |   3 |  921.3 |
               +--------+--------+--------+--------+--------+-----+--------+

Top non-repeatable levels by time:
     D:1: 1169 daAuts
     D:3: 803 daAuts
     D:2: 791 daAuts
